 Dungeon Crawl Stone Soup version 0.24.0-1-gfbc8707 (webtiles) character file.

Game seed: 17681415483856767007, levelgen mode: deterministic

237 Fang the Skirmisher (level 6, -1/40 HPs)
             Began as a Gargoyle Berserker on Nov 6, 2019.
             Was a Believer of Trog.
             Slain by a worker ant (3 damage)
             ... on level 5 of the Dungeon.
             The game lasted 00:02:59 (2343 turns).

Fang the Skirmisher (Gargoyle Berserker)            Turns: 2343, Time: 00:03:00

Health: -1/40      AC:  6    Str: 22    XL:     6   Next: 6%
Magic:  6/6        EV: 12    Int:  8    God:    Trog [**....]
Gold:   170        SH:  0    Dex:  9    Spells: 5/5 levels left

rFire    . . .     SeeInvis .   a - +0 hand axe
rCold    . . .     Gourm    .   (no shield)
rNeg     + + .     Faith    .   b - +0 animal skin
rPois    ∞         Spirit   .   (no helmet)
rElec    +         Reflect  .   (no cloak)
rCorr    .         Harm     .   (no gloves)
MR       .....                  (no boots)
Stlth    +.........             (no amulet)
HPRegen  0.13/turn              m - ring of positive energy
MPRegen  0.10/turn              (no ring)

@: berserk cooldown, slowed, very slow
A: negative energy resistance 1, electricity resistance, unbreathing,
petrification resistance, rot immunity, AC +4
a: Berserk, Trog's Hand, Renounce Religion


You were on level 5 of the Dungeon.
You worshipped Trog.
Trog was pleased with you.
You were hungry.

You visited 1 branch of the dungeon, and saw 4 of its levels.

You collected 170 gold pieces.

Inventory:

Hand Weapons
 a - a +0 hand axe (weapon)
Armour
 b - a +0 animal skin (worn)
Jewellery
 m - a ring of positive energy (left hand)
Wands
 i - a wand of clouds (6)
Scrolls
 d - 4 scrolls of identify {unknown}
 f - a scroll of enchant weapon {unknown}
 h - a scroll of remove curse {unknown}
 k - a scroll of fog {unknown}
 o - a scroll of teleportation {unknown}
Potions
 e - a potion of heal wounds {unknown}
 g - a potion of resistance {unknown}
 j - a potion of agility {unknown}
 l - a potion of lignification {unknown}
 n - a potion of ambrosia {unknown}
 p - 2 potions of flight {unknown}
Comestibles
 c - 5 rations


   Skills:
 * Level 4.9 Fighting
 * Level 4.0 Axes
 + Level 3.4 Armour
 + Level 2.5 Dodging


You had 5 spell levels left.
You didn't know any spells.
Your spell library was empty.

Dungeon Overview and Level Annotations

Branches:
Dungeon (3/15)

Altars:
The Shining One

Shops:
D:5 }


Innate Abilities, Weirdness & Mutations

You are resistant to torment.
Your stone body is resilient. (AC +4)
You are immune to poison.
You resist negative energy. (rN+)
You are resistant to electric shocks. (rElec)
You can survive without breathing.
You are immune to petrification.
You are immune to rotting.


Message History

The worker ant bites you.
* * * LOW HITPOINT WARNING * * *
The worker ant bites you.
* * * LOW HITPOINT WARNING * * *
You see here a jackal corpse.
You butcher the jackal corpse.
The worker ant closely misses you. x2
Things that are here:
2 chunks of flesh; a jackal skeleton The worker ant bites you.
* * * LOW HITPOINT WARNING * * *
Found Kugenaki's Gadget Shop.
The worker ant waves its antennae.
The worker ant completely misses you.
Things that are here:
2 chunks of flesh; a jackal skeleton The worker ant bites you but does no damage.
You see here a jackal corpse.
The worker ant closely misses you. The worker ant bites you.
You die...

.....##..## .....##+###
##### ..........# +...#
..........# #...#
..........# ...#
..........# ... #
.....##..##### #.# .#
..[..###'##..###.###..##.
.........#......@........
.........'......a.!.....
.....##########.†##...##
.....# .######.%##...##.
###### .................
.................
.................
..>..............
.................


You could see a worker ant.

Vanquished Creatures
  A crimson imp (D:5)
  An orc wizard (D:5)
  A centaur skeleton (D:5)
  A hound zombie (D:5)
  3 adders
  A shadow imp (D:5)
  An ooze (D:1)
  3 worms
  2 dart slugs
  A leopard gecko (D:2)
  2 orcs (D:5)
  10 bats
  6 giant cockroaches
  8 goblins
  7 hobgoblins
  10 jackals
  2 quokkas (D:2)
  A ball python (D:2)
  3 frilled lizards
  A jackal zombie (D:3)
  8 kobolds
  6 rats
79 creatures vanquished.

Notes
Turn   | Place    | Note
-------+----------+-------------------------------------------
     0 | D:1      | Fang the Gargoyle Berserker began the quest for the Orb.
     0 | D:1      | Reached XP level 1. HP: 14/14 MP: 1/1
    63 | D:1      | Reached XP level 2. HP: 17/19 MP: 2/2
   523 | D:1      | Reached XP level 3. HP: 18/23 MP: 3/3
   853 | D:2      | Found a glowing golden altar of the Shining One.
  1124 | D:2      | Reached XP level 4. HP: 18/29 MP: 4/4
  1276 | D:2      | Reached ** piety under Trog
  2232 | D:3      | You fall into a shaft and drop 2 floors!
  2232 | D:5      | Entered Level 5 of the Dungeon
  2239 | D:5      | Reached XP level 5. HP: 34/34 MP: 5/5
  2323 | D:5      | Reached XP level 6. HP: 40/40 MP: 6/6
  2339 | D:5      | Found Kugenaki's Gadget Shop.
  2339 | D:5      | HP: 1/40 [worker ant (2)]
  2343 | D:5      | Slain by a worker ant

Levels and vault maps discovered:
D:1:      lemuel_arrival_room, layout_loops_ring
D:2:      layout_rooms, old_standard_altar, hangedman_decor_push
D:3:      layout_basic, okawaru_ov_weapons_minmay, elyvilon_altar_4,
          first_ration
D:5:      layout_gridville, temple_fountains, serial_shops, shop, uniq_ijyb,
          uniq_pikel

Skill      XL: |  1  2  3  4  5 |
---------------+----------------+-----
Axes           | 3 4 |  4.0
Dodging        | 2 |  2.5
Fighting       | 4 |  4.9
Armour         | 3 |  3.4

Action                   |  1- 3 |  4- 6 || total
-------------------------+-------+-------++-------
Melee: Hand axe          |   132 |   156 ||   288
Invok: Berserk           |     2 |     3 ||     5
 Stab: Distracted        |     1 |       ||     1
  Eat: Chunk             |     2 |     7 ||     9
Armor: Animal skin       |    54 |    66 ||   120
Dodge: Dodged            |   113 |   131 ||   244
